 Dungeon Crawl Stone Soup version 0.27-a0-1423-ge5d6b6ab6a (webtiles) character file.

Game seed: 388541565861232039

159 Froggeryz the Cutter (level 5, -1/36 HPs)
             Began as an Octopode Berserker on July 2, 2021.
             Was a Believer of Trog.
             Shot with a stone by a goblin (3 damage)
             ... led by Robin
             ... on level 4 of the Dungeon.
             The game lasted 00:02:14 (2467 turns).

Froggeryz the Cutter (Octopode Berserker)           Turns: 2467, Time: 00:02:15

Health: -1/36      AC:  1    Str: 17    XL:     5   Next: 40%
Magic:  5/5        EV: 17    Int:  9    God:    Trog [**....]
Gold:   195        SH:  0    Dex: 12    Spells: 4/4 levels left

rFire    . . .     SeeInvis .   a - +0 short sword
rCold    . . .     Faith    .   (no shield)
rNeg     . . .     Spirit   .   (helmet restricted)
rPois    .         Reflect  .   (no amulet)
rElec    .         Harm     .   j - +4 ring of evasion
rCorr    .         Rampage  .   (no ring)
Will     .....                  (no ring)
Stlth    +++.......             (no ring)
HPRegen  0.12/turn              (no ring)
MPRegen  0.09/turn              (no ring)
                                (no ring)
                                (no ring)

@: on berserk cooldown, slowed, very slow
A: almost no armour, amphibious, 8 rings, camouflage 1, gelatinous body 1,
(nimble swimmer 1), tentacles
a: Renounce Religion, Berserk, Trog's Hand


You were on level 4 of the Dungeon.
You worshipped Trog.
Trog was pleased with you.
You visited 1 branch of the dungeon, and saw 4 of its levels.

You collected 195 gold pieces.

Inventory:

Hand Weapons
 a - a +0 short sword (weapon)
Missiles
 k - a throwing net (quivered)
 p - 6 atropa-tipped darts
Armour
 f - a +0 buckler
Jewellery
 j - a +4 ring of evasion (left tentacle)
Scrolls
 d - 5 scrolls of identify {unknown}
Potions
 b - a potion of magic {unknown}
 e - a potion of might {unknown}
 g - 2 potions of heal wounds {unknown}
 h - a potion of brilliance {unknown}
 l - 3 potions of curing {unknown}
 m - a potion of berserk rage {unknown}
 n - a potion of degeneration {unknown}


   Skills:
 - Level 3.0 Fighting
 * Level 4.8 Short Blades
 - Level 3.0 Dodging
 + Level 3.4 Stealth
 + Level 1.8 Shields


You had 4 spell levels left.
You didn't know any spells.
Your spell library was empty.

Dungeon Overview and Level Annotations

Branches:
Dungeon (4/15)
 Temple: D:4-7

Altars:
Vehumet


Innate Abilities, Weirdness & Mutations

You cannot wear most types of armour.
You are amphibious.
You can wear up to eight rings at the same time.
Your skin changes colour to match your surroundings (Stealth+).
Your rubbery body absorbs attacks. (AC +1, EV +1)
((You are camouflaged near water. (Stealth+)))
You have tentacles for arms and can constrict up to eight enemies at once.


Message History

You puncture Robin! Your grab misses Robin.
Robin is severely wounded.
Robin hits you with a +0 dagger.
* * * LOW HITPOINT WARNING * * *
You puncture Robin!
You kill Robin!
Trog accepts your kill. 3 goblins come into view.
The goblin shouts! x2; You hear a shout!
A worm comes into view.
Items here: ))) [[ †.
You feel a strong urge to attack something.
The goblin unwields a +0 club.
The goblin wields a +0 hunting sling.
The goblin shoots a stone.
The stone barely misses you.
A goblin comes into view. It is wielding a +0 club.
You are no longer berserk.
You are exhausted.
You feel yourself slow down.
The goblin shouts!
As you read the scroll labelled YXUBAURACK, it crumbles to dust.
The scroll dissolves into smoke.
It was a scroll of fog.
The goblin unwields a +0 hunting sling.
The goblin wields a +0 club.
The goblin misses you. x2
As you read the scroll labelled CICSOZO BASAZ, it crumbles to dust.
The creatures around you are filled with an inner flame!
It was a scroll of immolation.
The goblin hits you with a +0 club.
* * * LOW HITPOINT WARNING * * *
The goblin hits you with a +0 club.
* * * LOW HITPOINT WARNING * * *
As you read the scroll labelled CEALURROYTS, it crumbles to dust.
You feel strangely unstable.
It was a scroll of teleportation.
The goblin misses you.
The goblin unwields a +0 club.
The goblin wields a +0 hunting sling.
The goblin shoots a stone.
The stone hits you.
* * * LOW HITPOINT WARNING * * *
The goblin shoots a stone.
The stone misses you.
Your surroundings seem slightly different.
You see here a +0 ring mail.
The goblin shoots a stone.
The stone hits you.
You die...

# ## #.# ### ####
>.###.#### #.. ....
........###.## ####
..!....../...# # #..##@#
#..# # ##.###..##.###..# #
.........[..##..# # #
.##..))..$....###########
#. ##§.##..##.............
#..###.g...................
#....§§§§§.......#######...
#..###g§§.?.###.## ##.# #.
#§##.#.# #.# #.#


You could see a goblin (inner flame).

Vanquished Creatures
  A water moccasin skeleton (D:4)
  Robin (D:4)
  3 adders
  A worm (D:2)
  3 dart slugs
  5 orcs (D:3)
  5 ball pythons
  6 endoplasms
  2 giant cockroaches
  5 goblins
  8 hobgoblins
  A jackal (D:1)
  5 bats
  3 frilled lizards (D:1)
  4 kobolds
  5 rats (D:2)
58 creatures vanquished.

Notes
Turn   | Place    | Note
-------+----------+-------------------------------------------
     0 | D:1      | Froggeryz the Octopode Berserker began the quest for the
                  | Orb.
     0 | D:1      | Reached XP level 1. HP: 16/16 MP: 1/1
    79 | D:1      | Reached skill level 1 in Stealth
   194 | D:1      | Reached XP level 2. HP: 21/21 MP: 2/2
   536 | D:1      | Found a faded altar of an unknown god.
  1029 | D:2      | Reached XP level 3. HP: 26/26 MP: 3/3
  1144 | D:2      | Reached skill level 4 in Short Blades
  1298 | D:2      | Reached ** piety under Trog
  1449 | D:2      | Reached XP level 4. HP: 31/31 MP: 4/4
  1462 | D:2      | Reached skill level 1 in Shields
  2396 | D:4      | Found a radiant altar of Vehumet.
  2440 | D:4      | Identified the +0 helmet of Prudence {Fly}
  2440 | D:4      | Noticed Robin
  2454 | D:4      | Reached XP level 5. HP: 20/36 MP: 5/5
  2455 | D:4      | Killed Robin
  2463 | D:4      | HP: 1/36 [goblin/stone[Robin] (5)]
  2467 | D:4      | Shot with a stone by a goblin

Illustrated notes

Levels and vault maps discovered:
D:1:      nzn_arrival_settlement, layout_basic,
          shapermc_ecumenical_altar_hornbeckon, kennysheep_nondescript,
          solitary_fountain, minmay_cut_off
D:2:      layout_basic, minmay_tiny_reverse_x
D:3:      layout_basic
D:4:      layout_loops_ring, overflow_temple_1_default, uniq_robin

Skill      XL: |  1  2  3  4 |
---------------+-------------+-----
Stealth        | 1 2 3 |  3.4
Short Blades   | 4 |  4.8
Shields        | 1 |  1.8
Fighting       | |  3.0
Dodging        | |  3.0

Action                   |  1- 3 |  4- 6 || total
-------------------------+-------+-------++-------
Melee: Short sword       |    66 |    47 ||   113
       Constrict         |    20 |     9 ||    29
       Tentacles         |     8 |    11 ||    19
Invok: Berserk           |       |     1 ||     1
  Use: Scroll            |       |     3 ||     3
 Stab: Sleeping          |    12 |     4 ||    16
Armor: Skin              |     7 |       ||     7
Dodge: Dodged            |    39 |    34 ||    73

Table legend: (Time is in decaauts)
 A = Elapsed time spent in this place.
 B = Non-inter-level travel time spent in this place.
 C = Inter-level travel time spent in this place.
 D = Time resting spent in this place.
 E = Time spent auto-exploring this place.
 F = Levels seen in this place.
 G = Mean time per level.
                   A        B        C        D        E       F      G
               +--------+--------+--------+--------+--------+-----+--------+
         Total |   2456 |   2313 |    143 |      0 |   1984 |   4 |  614.0 |
       Dungeon |   2456 |   2313 |    143 |      0 |   1984 |   4 |  614.0 |
               +--------+--------+--------+--------+--------+-----+--------+

Top non-repeatable levels by time:
     D:1: 929 daAuts
     D:2: 838 daAuts
     D:3: 607 daAuts
     D:4: 81 daAuts
